AA NE
PORTLAND SEA DOGS @ AKRON RUBBERDUCKS
08/09/2041
 
TOP OF THE 1ST
Portland Sea Dogs batting - Pitching for Akron RubberDucks : RHP Rubén Ruíz
Pitching: RHP Rubén Ruíz
Batting: LHB Doug Rush 0-0: Ball
1-0: Ball
2-0: Foul Ball, location: 5SF
2-1: Ball
3-1: Base on Balls
Batting: LHB Steve Maddox 0-0: Foul Ball, location: 9LSF
0-1: SINGLE (Line Drive, 8RS, EV 101.3 MPH)
Doug Rush to second
Runner from 2nd tries for 3rd, OUT! 8-5
Batting: LHB Ron Palma 0-0: Ball
1-0: Foul Ball, location: 7LDF
1-1: Ball
2-1: Called Strike
Steve Maddox is caught stealing 2nd base 2-6
2-2: Ball
3-2: Foul Ball, location: 7LSF
3-2: Foul Ball, location: 5F
3-2: Foul Ball, location: 2F
3-2: Base on Balls
Batting: LHB Quincy Daniel 0-0: Called Strike
0-1: Ball
1-1: Foul Ball, location: 2F
1-2: Ball
2-2: Fly out, F8 (Flyball, 8RD, EV 108.1 MPH)
Top of the 1st over - 0 runs, 1 hit, 0 errors, 1 left on base; Portland 0 - Akron 0
BOTTOM OF THE 1ST
Akron RubberDucks batting - Pitching for Portland Sea Dogs : RHP Vince Watson
Pitching: RHP Vince Watson
Batting: RHB Bradley Gadsden 0-0: Ball
1-0: Foul Ball, location: 5F
1-1: Called Strike
1-2: Ball
2-2: Foul Ball, location: 3FF
2-2: Ground out 6-3 (Groundball, 6, EV 103.1 MPH)
Batting: RHB Steve Green 0-0: Ball
1-0: Called Strike
1-1: Called Strike
1-2: Ball
2-2: Strikes out swinging
Batting: RHB Brendan Rogers 0-0: Called Strike
0-1: Foul Ball, location: 2F
0-2: Ball
1-2: Strikes out swinging
Bottom of the 1st over - 0 runs, 0 hits, 0 errors, 0 left on base; Portland 0 - Akron 0
TOP OF THE 2ND
Portland Sea Dogs batting - Pitching for Akron RubberDucks : RHP Rubén Ruíz
Batting: RHB Ánibal Rentería 0-0: Fly out, F8 (Flyball, 89M, EV 98.1 MPH)
Batting: RHB Nelson Escobar 0-0: Called Strike
0-1: Fly out, F5 (Flyball, 5D, EV 93.1 MPH)
Batting: LHB Jesús Escobedo 0-0: Ball
1-0: Ball
2-0: Swinging Strike
2-1: Foul Ball, location: 5DF
2-2: Ground out 4-3 (Groundball, 4, EV 98.8 MPH)
Top of the 2nd over - 0 runs, 0 hits, 0 errors, 0 left on base; Portland 0 - Akron 0
BOTTOM OF THE 2ND
Akron RubberDucks batting - Pitching for Portland Sea Dogs : RHP Vince Watson
Batting: LHB Abel Brown 0-0: Foul Ball, location: 2F
0-1: Foul Ball, location: 2F
0-2: Ball
1-2: Ball
2-2: Foul Ball, location: 7LSF
2-2: Ball
3-2: Base on Balls
Batting: RHB Pat Henson 0-0: Ball
1-0: Called Strike
1-1: Foul Ball, location: 2F
1-2: Ball
2-2: Fly out, F6 (Popup, P, EV 79.4 MPH)
Batting: RHB Mike Trujillo 0-0: Ball
1-0: Ball
2-0: Ball
3-0: Base on Balls
Abel Brown to second
Batting: RHB Dan Myers 0-0: Called Strike
0-1: Ball
1-1: Fly out, F7 (Flyball, 7LS, EV 91.9 MPH)
Batting: LHB Juan Gómes 0-0: Ball
1-0: Swinging Strike
1-1: Called Strike
1-2: Strikes out looking
Bottom of the 2nd over - 0 runs, 0 hits, 0 errors, 2 left on base; Portland 0 - Akron 0
TOP OF THE 3RD
Portland Sea Dogs batting - Pitching for Akron RubberDucks : RHP Rubén Ruíz
Batting: RHB Jorge Francots 0-0: Ball
1-0: Swinging Strike
1-1: DOUBLE (Flyball, 8LXD, EV 111.9 MPH)
Batting: RHB Jim Unknown 0-0: Bunted foul
0-1: Ball
1-1: Sac Bunt to 2R - play at first, batter OUT! 2-4
Jorge Francots to third
Batting: LHB Doug Rush 0-0: Called Strike
0-1: Foul Ball, location: 25F
0-2: Foul Ball, location: 7LSF
0-2: Ball
1-2: Ball
2-2: Foul Ball, location: 7LMF
2-2: Ball
3-2: TRIPLE (Line Drive, 9D, EV 106.9 MPH)
Jorge Francots scores
Batting: LHB Steve Maddox 0-0: Ball
1-0: Swinging Strike
1-1: Ball
2-1: Swinging Strike
2-2: Fly out, F9 (Line Drive, 9S, EV 101.9 MPH)
Batting: LHB Ron Palma 0-0: Ball
1-0: Ball
2-0: Ball
3-0: Called Strike
3-1: Base on Balls
Batting: LHB Quincy Daniel 0-0: Ball
1-0: Ball
2-0: Called Strike
2-1: Ball
3-1: Ground out 5-3 (Groundball, 56, EV 99.4 MPH)
Top of the 3rd over - 1 run, 2 hits, 0 errors, 2 left on base; Portland 1 - Akron 0
BOTTOM OF THE 3RD
Akron RubberDucks batting - Pitching for Portland Sea Dogs : RHP Vince Watson
Batting: RHB Chris Slater 0-0: Swinging Strike
0-1: Foul Ball, location: 7LDF
0-2: Ball
1-2: Ball
2-2: Strikes out swinging, 2-3 out at first.
Batting: RHB Bradley Gadsden 0-0: Ground out 6-3 (Groundball, 6, EV 83.1 MPH)
Batting: RHB Steve Green 0-0: Ball
1-0: Called Strike
1-1: Foul Ball, location: 2RF
1-2: Ball
2-2: Foul Ball, location: 9LDF
2-2: Ball
3-2: Base on Balls
Batting: RHB Brendan Rogers 0-0: Called Strike
0-1: Swinging Strike
0-2: Ball
Steve Green is caught stealing 2nd base 2-4
Bottom of the 3rd over - 0 runs, 0 hits, 0 errors, 0 left on base; Portland 1 - Akron 0
TOP OF THE 4TH
Portland Sea Dogs batting - Pitching for Akron RubberDucks : RHP Rubén Ruíz
Batting: RHB Ánibal Rentería 0-0: Called Strike
0-1: Ball
1-1: Swinging Strike
1-2: Fly out, F9 (Flyball, 9D, EV 92.5 MPH)
Batting: RHB Nelson Escobar 0-0: DOUBLE (Flyball, 8RXD, EV 99.4 MPH)
Batting: LHB Jesús Escobedo 0-0: Called Strike
0-1: SINGLE (Groundball, 34D, EV 104.4 MPH)
Nelson Escobar to third
Batting: RHB Jorge Francots 0-0: Ball
Jesús Escobedo steals 2nd base
1-0: Fly out, F8 (Flyball, 8LM, EV 81.9 MPH)
Runner from 3rd tags up, SCORES, throw by CF
Batting: RHB Jim Unknown 0-0: Called Strike
0-1: Called Strike
0-2: Fly out, F7 (Line Drive, 78S, EV 91.9 MPH)
Top of the 4th over - 1 run, 2 hits, 0 errors, 1 left on base; Portland 2 - Akron 0
BOTTOM OF THE 4TH
Akron RubberDucks batting - Pitching for Portland Sea Dogs : RHP Vince Watson
Batting: RHB Brendan Rogers 0-0: Called Strike
0-1: Swinging Strike
0-2: Ball
1-2: Foul Ball, location: 3SF
1-2: Ball
2-2: Ball
3-2: Fly out, F8 (Flyball, 8LD, EV 106.9 MPH)
Batting: LHB Abel Brown 0-0: Called Strike
0-1: Ball
1-1: Ball
2-1: Foul Ball, location: 2F
2-2: Ball
3-2: DOUBLE (Flyball, 89D, EV 101.3 MPH)
Batting: RHB Pat Henson 0-0: Ball
1-0: Swinging Strike
1-1: Reached on error, E8 (Flyball, 8LD, EV 93.1 MPH)
Abel Brown scores
Batting: RHB Mike Trujillo 0-0: Fly out, F8 (Flyball, 8RXD, EV 88.1 MPH)
Runner from 2nd tags up, SAFE at 3rd, no throw by CF
Batting: RHB Dan Myers 0-0: Swinging Strike
0-1: Foul Ball, location: 9LSF
0-2: Ball
1-2: Ball
2-2: Ball
3-2: Fly out, F8 (Flyball, 78M, EV 98.8 MPH)
Bottom of the 4th over - 1 run, 1 hit, 1 error, 1 left on base; Portland 2 - Akron 1
TOP OF THE 5TH
Portland Sea Dogs batting - Pitching for Akron RubberDucks : RHP Rubén Ruíz
Batting: LHB Doug Rush 0-0: Ball
1-0: Foul Ball, location: 2F
1-1: Ball
2-1: Ground out 4-3 (Groundball, 4D, EV 91.9 MPH)
Batting: LHB Steve Maddox 0-0: Ball
1-0: Called Strike
1-1: Ball
2-1: Ball
3-1: Base on Balls
Batting: LHB Ron Palma 0-0: Swinging Strike
0-1: Ball
1-1: Called Strike
Steve Maddox is caught stealing 2nd base 2-6
1-2: Foul Ball, location: 5F
1-2: Foul Ball, location: 7LMF
1-2: Ball
2-2: Foul Ball, location: 5F
2-2: Foul Ball, location: 9LMF
2-2: Ball
3-2: Fly out, F8 (Flyball, 8LXD, EV 100.0 MPH)
Top of the 5th over - 0 runs, 0 hits, 0 errors, 0 left on base; Portland 2 - Akron 1
BOTTOM OF THE 5TH
Akron RubberDucks batting - Pitching for Portland Sea Dogs : RHP Vince Watson
Batting: LHB Juan Gómes 0-0: Ball
1-0: Called Strike
1-1: Ball
2-1: SINGLE (Line Drive, 6M, EV 96.3 MPH)
Batting: RHB Chris Slater 0-0: Ball
1-0: Sac Bunt to 13 - play at first, batter OUT! 1-3
Juan Gómes to second
Batting: RHB Bradley Gadsden 0-0: Called Strike
0-1: Ball
1-1: Foul Ball, location: 7LDF
1-2: Ball
2-2: Ball
3-2: SINGLE (Line Drive, 8RS, EV 90.6 MPH)
Juan Gómes to third
Runner from 3rd tries for Home, throw by CF and OUT! 8-2
Bradley Gadsden to second
Batting: RHB Steve Green 0-0: Foul Ball, location: 2F
0-1: Swinging Strike
0-2: Ball
1-2: Strikes out swinging
Bottom of the 5th over - 0 runs, 2 hits, 0 errors, 1 left on base; Portland 2 - Akron 1
TOP OF THE 6TH
Portland Sea Dogs batting - Pitching for Akron RubberDucks : RHP Rubén Ruíz
Batting: LHB Quincy Daniel 0-0: Called Strike
0-1: Fly out, F6 (Popup, 6D, EV 61.3 MPH)
Pitching: RHP Cristián Ramírez
Batting: RHB Ánibal Rentería 0-0: Called Strike
0-1: Fly out, F7 (Flyball, 7S, EV 96.3 MPH)
Batting: RHB Nelson Escobar 0-0: Called Strike
0-1: Ball
1-1: Foul Ball, location: 2F
1-2: Ball
2-2: Foul Ball, location: 7LMFF
2-2: Fly out, F9 (Flyball, 89M, EV 88.1 MPH)
Top of the 6th over - 0 runs, 0 hits, 0 errors, 0 left on base; Portland 2 - Akron 1
BOTTOM OF THE 6TH
Akron RubberDucks batting - Pitching for Portland Sea Dogs : RHP Vince Watson
Batting: RHB Brendan Rogers 0-0: Ball
1-0: Foul Ball, location: 5SF
1-1: SINGLE (Groundball, 6M, EV 89.4 MPH) (infield hit)
Pitching: RHP Wally Larsen
Batting: LHB Abel Brown 0-0: Called Strike
0-1: Ball
1-1: Foul Ball, location: 9LSF
1-2: Ball
2-2: Foul Ball, location: 5F
2-2: Foul Ball, location: 2F
2-2: Strikes out swinging
Batting: RHB Pat Henson 0-0: Ball
1-0: Fly out, F4 (Popup, 34, EV 55.0 MPH)
Batting: RHB Mike Trujillo 0-0: Ball
1-0: Ball
2-0: Fly out, F4 (Popup, 4, EV 59.4 MPH)
Bottom of the 6th over - 0 runs, 1 hit, 0 errors, 1 left on base; Portland 2 - Akron 1
TOP OF THE 7TH
Portland Sea Dogs batting - Pitching for Akron RubberDucks : RHP Cristián Ramírez
Batting: LHB Jesús Escobedo 0-0: Called Strike
0-1: Fly out, F8 (Flyball, 89M, EV 98.1 MPH)
Batting: RHB Jorge Francots 0-0: Called Strike
0-1: Fly out, F8 (Flyball, 8RM, EV 95.6 MPH)
Batting: RHB Jim Unknown 0-0: Ball
1-0: Foul Ball, location: 3F
1-1: Ball
2-1: Ground out 4-3 (Groundball, 4, EV 85.0 MPH)
Top of the 7th over - 0 runs, 0 hits, 0 errors, 0 left on base; Portland 2 - Akron 1
BOTTOM OF THE 7TH
Akron RubberDucks batting - Pitching for Portland Sea Dogs : RHP Wally Larsen
Batting: RHB Dan Myers 0-0: Foul Ball, location: 2F
0-1: Foul Ball, location: 2F
0-2: Strikes out swinging
Batting: LHB Juan Gómes 0-0: Called Strike
0-1: Swinging Strike
0-2: Strikes out looking
Batting: RHB Chris Slater 0-0: Ball
1-0: Foul Ball, location: 7LDF
1-1: Swinging Strike
1-2: Strikes out looking
Bottom of the 7th over - 0 runs, 0 hits, 0 errors, 0 left on base; Portland 2 - Akron 1
TOP OF THE 8TH
Portland Sea Dogs batting - Pitching for Akron RubberDucks : RHP Cristián Ramírez
Batting: LHB Doug Rush 0-0: Ball
1-0: Fly out, F5 (Line Drive, 5, EV 66.3 MPH)
Batting: LHB Steve Maddox 0-0: Called Strike
0-1: Ball
1-1: Foul Ball, location: 9LSF
1-2: Fly out, F9 (Flyball, 9D, EV 82.5 MPH)
Batting: LHB Ron Palma 0-0: Ball
1-0: Ball
2-0: Ball
3-0: Base on Balls
Batting: LHB Quincy Daniel 0-0: Called Strike
0-1: Foul Ball, location: 5DF
0-2: Ball
1-2: Ball
2-2: Ball
3-2: Base on Balls
Ron Palma to second
Batting: RHB Ánibal Rentería 0-0: Called Strike
0-1: Ball
1-1: Ball
2-1: Foul Ball, location: 7LSF
2-2: Ball
3-2: Ground out 5-3 (Groundball, 56S, EV 71.3 MPH)
Top of the 8th over - 0 runs, 0 hits, 0 errors, 2 left on base; Portland 2 - Akron 1
BOTTOM OF THE 8TH
Akron RubberDucks batting - Pitching for Portland Sea Dogs : RHP Wally Larsen
Pinch Hitting: LHB Aurelio Archuleta 0-0: Foul Ball, location: 7LDF
0-1: Foul Ball, location: 5F
0-2: Ground out 4-3 (Groundball, 4, EV 79.4 MPH)
Batting: RHB Steve Green 0-0: Ball
1-0: Called Strike
1-1: Foul Ball, location: 9LDF
1-2: Foul Ball, location: 2F
1-2: Foul Ball, location: 9LDF
1-2: Ball
2-2: Ball
3-2: Fly out, F9 (Flyball, 9, EV 95.0 MPH)
Batting: RHB Brendan Rogers 0-0: Ball
1-0: Ball
2-0: Called Strike
2-1: Ground out 4-3 (Groundball, 34, EV 109.4 MPH)
Bottom of the 8th over - 0 runs, 0 hits, 0 errors, 0 left on base; Portland 2 - Akron 1
TOP OF THE 9TH
Portland Sea Dogs batting - Pitching for Akron RubberDucks : RHP Cristián Ramírez
Now at 2B: Aurelio Archuleta
Batting: RHB Nelson Escobar 0-0: SINGLE (Groundball, 34D, EV 102.5 MPH)
Batting: LHB Jesús Escobedo 0-0: Called Strike
0-1: Foul Ball, location: 2F
0-2: Foul Ball, location: 2F
0-2: Ball
1-2: Fielders Choice at 2nd, 1-6 (Groundball, 34S, EV 65.0 MPH)
Batting: RHB Jorge Francots 0-0: Ball
Jesús Escobedo is caught stealing 2nd base 2-4
1-0: Swinging Strike
1-1: Called Strike
1-2: Strikes out looking
Top of the 9th over - 0 runs, 1 hit, 0 errors, 0 left on base; Portland 2 - Akron 1
BOTTOM OF THE 9TH
Akron RubberDucks batting - Pitching for Portland Sea Dogs : RHP Wally Larsen
Pitching: RHP Jon Lane
Batting: LHB Abel Brown 0-0: Fly out, F8 (Flyball, 89M, EV 97.5 MPH)
Pinch Hitting: LHB Doug Christian 0-0: Called Strike
0-1: Ball
1-1: Ball
2-1: Fly out, F9 (Flyball, 89S, EV 93.1 MPH)
Batting: RHB Mike Trujillo 0-0: Ball
1-0: Foul Ball, location: 25FF
1-1: Foul Ball, location: 5F
1-2: Ball
2-2: Fly out, F8 (Flyball, 78M, EV 85.0 MPH)
Bottom of the 9th over - 0 runs, 0 hits, 0 errors, 0 left on base; Portland 2 - Akron 1
Monday, April 1st , 2024 - OOTP Baseball 24.10 Build 82